 Dungeon Crawl Stone Soup version 0.25-a0-353-ged6d54792d (webtiles) character file.

Game seed: 7524061193565312960, levelgen mode: deterministic

67 Lavandula the Chopper (level 4, -5/32 HPs)
             Began as a Demonspawn Wanderer on Jan 1, 2020.
             Was an Initiate of Qazlal.
             Slain by an ogre
             ... wielding a +0 giant club
              (29 damage)
             ... on level 4 of the Dungeon on Jan 2, 2020.
             The game lasted 00:04:16 (1740 turns).

Lavandula the Chopper (Demonspawn Wanderer)         Turns: 1740, Time: 00:04:17

Health: -5/32      AC:  5    Str: 13    XL:     4   Next: 0%
Magic:  5/5        EV: 10    Int: 16    God:    Qazlal [......]
Gold:   98         SH:  0    Dex: 12    Spells: 5/5 levels left

rFire    + . .     SeeInvis .   a - +2 hand axe
rCold    . . .     Gourm    .   (no shield)
rNeg     . . .     Faith    .   j - +0 ring mail
rPois    .         Spirit   .   (no helmet)
rElec    .         Reflect  .   (no cloak)
rCorr    .         Harm     .   (no gloves)
MR       .....                  (no boots)
Stlth    +.........             (no amulet)
HPRegen  0.10/turn              n - ring of flight
MPRegen  0.09/turn              o - +2 ring of dexterity

@: no status effects
A: fire resistance 1, powered by pain 1
a: Renounce Religion, Evoke Flight


You were on level 4 of the Dungeon.
You worshipped Qazlal.
Qazlal was noncommittal.
You were hungry.

You visited 1 branch of the dungeon, and saw 5 of its levels.

You collected 98 gold pieces.

Inventory:

Hand Weapons
 a - a +2 hand axe (weapon)
 b - a +0 shortbow
 f - a +0 dagger
Missiles
 c - 21 arrows
Armour
 e - a +0 robe
 j - a +0 ring mail (worn)
Jewellery
 n - a ring of flight (left hand)
 o - a +2 ring of dexterity (right hand)
Scrolls
 h - 3 scrolls of magic mapping {unknown}
 i - 2 scrolls of noise {unknown}
 k - a scroll of enchant weapon {unknown}
 m - 4 scrolls of remove curse {unknown}
 p - 2 scrolls of identify {unknown}
 r - a scroll of immolation {unknown}
 s - a scroll of random uselessness {unknown}
 t - a scroll of enchant armour {unknown}
 u - a scroll of blinking {unknown}
Potions
 d - 3 potions of lignification
 l - 2 potions of curing {unknown}
 q - 2 potions of flight {unknown}
Comestibles
 g - 4 rations


   Skills:
 - Level 1.1 Fighting
 + Level 3.9 Axes
 - Level 1.7 Armour
 - Level 1.7 Stealth
 - Level 1.0 Spellcasting
   Level 1.7 Transmutations


You had 5 spell levels left.
You didn't know any spells.
Your spell library was empty.

Dungeon Overview and Level Annotations

Branches:
Dungeon (5/15)
 Temple: D:4-7

Altars:
Makhleb
Qazlal

Annotations:
D:3 2 runed translucent doors, BritishOli's ghost, amateur DsGl


Innate Abilities, Weirdness & Mutations

Your flesh is heat resistant. (rF+)
You sometimes gain a little power by taking damage.


Message History

Found an emerald potion.
You see here an emerald potion.
q - 2 emerald potions (gained 1)
The ogre hits you with a +0 giant club.
You open the door.
There is an open door here.
You open the door.
Found a flail.
There is an open door here.
You hit the ogre.
The ogre is lightly wounded.
The ogre barely misses you.
You hit the ogre.
The ogre is moderately wounded.
The ogre hits you with a +0 giant club!
An ogre comes into view. It is wielding a +0 giant club.
The ogre shouts!
The ogre hits you with a +0 giant club!!
Ouch! That really hurt!
You die...

#............ #............
########'#####....
#........(.!##....# #.#####....
#...........##....# #....##....
#...........##....# #....##....
#...........##....###....######
#...........##.O.Z..#....###
#.............@.O...'......#
#.........#.####..).#......#
....!.......# #....#.......#
########.l#.# #....#.......#
##.#.# ######.##....# #.#.# #..
..... #...####### #.# .####
##......... .. ###
#.>###################


You could see 2 ogres and an adder skeleton.

Vanquished Creatures
  A worker ant (D:4)
  An adder (D:2)
  An ooze (D:4)
  4 bats
  3 giant cockroaches
  3 goblins
  4 hobgoblins
  4 jackals (D:1)
  2 kobolds
  7 rats
30 creatures vanquished.

Notes
Turn   | Place    | Note
-------+----------+-------------------------------------------
     0 | D:1      | Lavandula the Demonspawn Wanderer began the quest for the
                  | Orb.
     0 | D:1      | Lavandula set off with the following items: a +2 hand axe,
                  | a +0 shortbow, 21 arrows, a potion of lignification, a +0
                  | robe, a +0 dagger, a ration
     0 | D:1      | Reached XP level 1. HP: 15/15 MP: 2/2
     8 | D:1      | Reached skill level 2 in Axes
   134 | D:1      | Upgraded the game from 0.25-a0-346-g140ab784a8 to
                  | 0.25-a0-353-ged6d54792d
   224 | D:1      | Gained mutation: Your flesh is heat resistant. (rF+)
                  | [demonic ancestry]
   224 | D:1      | Reached XP level 2. HP: 21/21 MP: 3/3
   443 | D:2      | Reached skill level 3 in Axes
   545 | D:2      | Gained mutation: You sometimes gain a little power by
                  | taking damage. [demonic ancestry]
   545 | D:2      | Reached XP level 3. HP: 26/26 MP: 4/4
   795 | D:2      | Found a burning altar of Makhleb.
   888 | D:2      | Found a stormy altar of Qazlal.
   907 | D:2      | Became a worshipper of Qazlal Stormbringer
   914 | D:3      | Found a large runed translucent door.
   914 | D:3      | Found a large runed translucent door.
   914 | D:3      | Noticed BritishOli's ghost (amateur DsGl)
   930 | D:3      | Noticed a phantom
  1479 | D:5      | Entered Level 5 of the Dungeon
  1629 | D:4      | Noticed an ogre
  1638 | D:4      | Reached XP level 4. HP: 31/32 MP: 5/5
  1735 | D:4      | Noticed an ogre
  1740 | D:4      | Slain by an ogre

Levels and vault maps discovered:
D:1:      dpeg_arrival_renting, layout_loops_ring
D:2:      layout_loops_ring, lemuel_round_altar,
          nicolae_qazlal_general_emergency
D:3:      layout_rooms, kiku_gazebo_garden_becter, ebering_ghost_disaster_area,
          minmay_misc_feat_four_crosses
D:4:      layout_basic
D:5:      layout_loops_cross, kennysheep_slug_shrine, elyvilon_altar_1,
          first_ration

Skill      XL: |  1  2 |
---------------+-------+-----
Axes           | 2 3 |  3.9
Fighting       | |  1.1
Armour         | |  1.7
Stealth        | |  1.7
Spellcasting   | |  1.0
Transmutations | |  1.7

Action                   |  1- 3 |  4- 6 || total
-------------------------+-------+-------++-------
Melee: Hand axe          |   118 |     2 ||   120
 Abil: Evoke Flight      |     1 |       ||     1
 Stab: Sleeping          |     1 |       ||     1
  Eat: Chunk             |     2 |       ||     2
Armor: Ring mail         |    45 |       ||    45
Dodge: Dodged            |    74 |     2 ||    76

Table legend:
 A = Non-vault XP
 B = Vault XP
 C = Vault XP percentage of total XP
 D = Non-vault monster count
 E = Vault monster count
 F = Vault count percentage of total count
                 A         B        C        D         E       F
            +---------+---------+-------+---------+---------+-------
      Total |      97 |       0 |   0.0 |      30 |       0 |   0.0
            +---------+---------+-------+---------+---------+-------
        D:1 |      23 |       0 |   0.0 |      15 |       0 |   0.0
        D:2 |      29 |       0 |   0.0 |      10 |       0 |   0.0
        D:3 |       3 |       0 |   0.0 |       2 |       0 |   0.0
        D:4 |      42 |       0 |   0.0 |       3 |       0 |   0.0
            +---------+---------+-------+---------+---------+-------
